 Dungeon Crawl Stone Soup version 0.29-a0-266-gf56f883ddd (webtiles) character file.

Game seed: 5452888160968263632

24 enile the Skirmisher (level 3, 0/29 HPs)
             Began as a Djinni Fire Elementalist on Mar 6, 2022.
             Was a Follower of Trog.
             Slain by a quokka (3 damage)
             ... on level 1 of the Dungeon.
             The game lasted 00:00:46 (1831 turns).

enile the Skirmisher (Djinni Fire Elementalist)     Turns: 1831, Time: 00:00:46

Health: 0/29       AC:  2    Str:  7    XL:     3   Next: 15%
Gold:   52         EV: 12    Int: 18    God:    Trog [*.....] SH:  0 Dex: 13

rFire   + + .      SeeInvis .   g - +2 whip (venom)
rCold   x . .      Faith    .   (no shield)
rNeg    . . .      Spirit   .   a - +0 robe
rPois   ∞          Reflect  .   (no helmet)
rElec   .          Harm     .   (no cloak)
rCorr   .          Rampage  .   (no gloves)
Will    .....                   (boots unavailable)
Stlth   ++........              (no amulet)
HPRegen 0.09/turn               (no ring)
MPRegen 0.00/turn               (no ring)

@: flying
A: sickness immunity, fire resistance 2, cold vulnerability 1, float, innate
caster, HP casting, extra vitality 1
a: Renounce Religion, Berserk


You were on level 1 of the Dungeon.
You worshipped Trog.
Trog was aware of your devotion.
You visited 1 branch of the dungeon, and saw 2 of its levels.

You collected 52 gold pieces.

Inventory:

Hand Weapons
 g - a +2 whip of venom (weapon)
Armour
 a - a +0 robe (worn)
Scrolls
 b - 3 scrolls of identify {unknown}
 e - a scroll of enchant armour {unknown}
 f - 3 scrolls of teleportation {unknown}
Potions
 c - a potion of heal wounds {unknown}
 d - a potion of magic {unknown}


   Skills:
 + Level 2.5 Fighting
 - Level 2.1 Dodging
 - Level 1.5 Stealth
 - Level 2.4 Spellcasting


You couldn't memorise any spells.
You knew the following spells:

 Your Spells              Type           Power      Damage    Failure   Level
a - Foxfire               Conj/Fire      40%        2x1d6     6%          1
b - Scorch                Fire           20%        2d6       10%         2
c - Conjure Flame         Conj/Fire      10%        6-21      19%         3
d - Inner Flame           Hex/Fire       10%        N/A       19%         3
e - Flame Wave            Conj/Fire      10%        2d5       54%         4
f - Freeze                Ice            40%        1d6       6%          1
Your spell library was empty.

Dungeon Overview and Level Annotations

Branches:
Dungeon (2/15)

Altars:
Trog


Innate Abilities, Weirdness & Mutations

You are immune to sickness and miasma.
You are immune to poison.
Your flesh is very heat resistant. (rF++)
You are vulnerable to cold. (rC-)
You float through the air rather than walking.
You learn spells naturally, not from books.
Your magical power is your life essence.
You have superior vitality. (+4 MHP)


Message History

Confirm with . or Enter, or press ? or * to list all spells.
Casting this spell will place you under penance.
Really cast? [Y]es or [N]o only, please.
Casting this spell will place you under penance.
Really cast?
Okay, then.
The kobold hits you with a +0 short sword of freezing.
The kobold freezes you.
You hit the kobold. You punch the kobold.
The kobold is severely wounded.
The kobold closely misses you.
You barely miss the kobold.
The kobold is severely wounded.
The kobold barely misses you.
You closely miss the kobold. Your punch misses the kobold.
The kobold is severely wounded.
The kobold hits you with a +0 short sword of freezing.
The kobold freezes you. The quokka bites you.
You are too injured to fight recklessly!
You are too injured to fight recklessly!
There is a stone staircase leading up here.
You closely miss the kobold.
The kobold is severely wounded.
The quokka barely misses you.
The kobold hits you with a +0 short sword of freezing.
The kobold freezes you.
You hit the kobold.
You kill the kobold!
Trog accepts your kill. The quokka misses you. The quokka bites you.
* * * LOW HITPOINT WARNING * * *
You hit the quokka.
The quokka is poisoned.
The quokka is heavily wounded.
The quokka barely misses you. The quokka bites you.
* * * LOW HITPOINT WARNING * * *
The frilled lizard bites you but does no damage.
You fly upwards.
There is a stone staircase leading down here.
The quokka attacks as you move away! The quokka bites you.
You die...

#.#.######.######.# #.#.# #.# #.#
#.#.# #.# #.# #.#.# #.# #.# #.#.#
#.# #.# #.#.# #.######.#
#÷#.######........#########
#######.#......l.................
......÷÷########@......##########
÷#########......r####.......# #
.# #.......# #.......# # .#
#.......# ##.......# # .#
#.......# #........# # .#
#.......# #........# # .#
#.......###........# # .#
#.......#.......#### # .#
#....##.#.###.#.# #


You could see a quokka (very poisoned) and a frilled lizard.

Vanquished Creatures
  2 bats (D:1)
  An endoplasm (D:1)
  2 giant cockroaches (D:1)
  A goblin (D:1)
  A hobgoblin (D:1)
  4 jackals (D:1)
  3 kobolds
  A quokka (D:1)
  2 ball pythons (D:1)
  2 frilled lizards (D:1)
  3 rats (D:1)
22 creatures vanquished.

Vanquished Creatures (collateral kills)
  A foxfire (D:1)
1 creature vanquished.

Vanquished Creatures (others)
  77 foxfires (D:1)
77 creatures vanquished.

Grand Total: 100 creatures vanquished

Notes
Turn   | Place    | Note
-------+----------+-------------------------------------------
     0 | D:1      | enile the Djinni Fire Elementalist began the quest for the
                  | Orb.
     0 | D:1      | Reached XP level 1. HP: 15/15 MP: 0/0
   143 | D:1      | Reached skill level 1 in Fighting
   278 | D:1      | Reached XP level 2. HP: 20/22 MP: 0/0
   690 | D:1      | Found a faded altar of an unknown god.
   817 | D:1      | Reached XP level 3. HP: 6/29 MP: 0/0
   817 | D:1      | Learned a level 1 spell: Freeze
  1779 | D:1      | Prayed at the altar of an unknown god.
  1779 | D:1      | Became a worshipper of Trog the Wrathful
  1779 | D:1      | Reached * piety under Trog
  1831 | D:1      | Slain by a quokka

Illustrated notes

Levels and vault maps discovered:
D:1:      amcnicky_arrival_underground_garden, layout_basic,
          dreamdust_ecumenical_altar_sealed_demon
D:2:      layout_basic, basic_altar, grunt_ministairs_14

Skill      XL: |  1  2 |
---------------+-------+-----
Fighting       | 1 2 |  2.5
Dodging        | |  2.1
Stealth        | |  1.5
Spellcasting   | |  2.4

Action                   || total
-------------------------++-------
Melee: Unarmed           ||     1
       Whip              ||     6
       Punch             ||     1
 Cast: Foxfire           ||    44
       Scorch            ||     5
Armor: Robe              ||     2
Dodge: Dodged            ||    14

Table legend: (Time is in decaauts)
 A = Elapsed time spent in this place.
 B = Non-inter-level travel time spent in this place.
 C = Inter-level travel time spent in this place.
 D = Time resting spent in this place.
 E = Time spent auto-exploring this place.
 F = Levels seen in this place.
 G = Mean time per level.
                   A        B        C        D        E       F      G
               +--------+--------+--------+--------+--------+-----+--------+
         Total |   1831 |   1563 |    268 |      0 |   1415 |   2 |  915.5 |
       Dungeon |   1831 |   1563 |    268 |      0 |   1415 |   2 |  915.5 |
               +--------+--------+--------+--------+--------+-----+--------+

Top non-repeatable levels by time:
     D:1: 1821 daAuts
     D:2: 10 daAuts
